 Dungeon Crawl Stone Soup version 0.23.0-3-gf3c87f2 (webtiles) character file.

Game seed: 13829205702029302899

1418 Torikoriko the Fighter (level 8, -4/69 HPs)
             Began as a Barachi Wanderer on Feb 20, 2019.
             Was a Believer of Ru.
             Slain by an ice beast (13 damage)
             ... on level 7 of the Dungeon.
             The game lasted 00:26:43 (7565 turns).

Torikoriko the Fighter (Barachi Wanderer)           Turns: 7565, Time: 00:26:43

Health: -4/69      AC: 13    Str: 18    XL:     8   Next: 71%
Magic:  8/8        EV:  8    Int: 12    God:    Ru [**....]
Gold:   374        SH: 10    Dex: 16    Spells: 7/7 levels left

rFire    . . .     SeeInvis .   b - +2 hand crossbow
rCold    . . .     Gourm    .   A - +0 shield
rNeg     . . .     Faith    .   E - quicksilver dragon scales
rPois    +         Spirit   .   (no helmet)
rElec    .         Reflect  .   (no cloak)
rCorr    .         Harm     .   (no gloves)
MR       +....                  q - +1 pair of boots
Stlth    +.........             (no amulet)
HPRegen  0.21/turn              C - +6 ring of dexterity
MPRegen  0.11/turn              s - ring of poison resistance

@: can't hop, slow
A: +LOS, swims, slowness 1, inexperienced 1, strong legs 1
a: Hop, Renounce Religion


You were on level 7 of the Dungeon.
You worshipped Ru.
Ru was pleased with you.
You were not hungry.

You visited 2 branches of the dungeon, and saw 8 of its levels.

You collected 374 gold pieces.

Inventory:

Hand Weapons
 a - a +4 dagger
 b - a +2 hand crossbow (weapon)
 d - a +2 dagger of speed
Missiles
 g - 12 bolts (quivered)
 x - 136 arrows
Armour
 q - a +1 pair of boots (worn)
 A - a +0 shield (worn)
 E - quicksilver dragon scales (worn)
Jewellery
 s - a ring of poison resistance (right hand)
 t - an uncursed ring of positive energy
 C - a +6 ring of dexterity (left hand)
Wands
 w - a wand of flame (38)
 y - a wand of digging (4)
Scrolls
 c - 5 scrolls of teleportation
 e - 4 scrolls of fog
 m - 4 scrolls of remove curse
 p - 3 scrolls of enchant armour
 r - a scroll of magic mapping
 D - a scroll of enchant weapon {unknown}
 F - a scroll of blinking
 G - a scroll of vulnerability {unknown}
Potions
 h - a potion of ambrosia {unknown}
 i - 2 potions of cancellation
 j - 3 potions of degeneration {unknown}
 k - a potion of lignification {unknown}
 l - a potion of might {unknown}
 n - a potion of haste {unknown}
 o - 2 potions of curing
 u - 3 potions of brilliance {unknown}
 v - 3 potions of heal wounds {unknown}
 z - a potion of magic {unknown}
 B - a potion of mutation {unknown}
Comestibles
 f - 10 rations
 H - 4 chunks of flesh


   Skills:
 + Level 8.7 Fighting
   Level 1.0 Bows
 + Level 6.9 Crossbows
 - Level 5.5 Armour
 - Level 1.0 Stealth
 + Level 5.4 Shields
 - Level 1.1 Evocations


You had 7 spell levels left.
You didn't know any spells.
Your spell library contained the following spells:

 Spells                   Type           Power        Failure   Level  Hunger
 Beastly Appendage        Tmut           #.....       88%         1    ##.....
 Sticks to Snakes         Tmut           #.......     96%         2    ###....
 Spider Form              Tmut/Pois      #.........   99%         3    ####...
 Ice Form                 Ice/Tmut       #.......     100%        4    #####..
 Blade Hands              Tmut           #.........   100%        5    ######.


Dungeon Overview and Level Annotations

Branches:
Dungeon (7/15)             Temple (1/1) D:4

Altars:
Ashenzari
Cheibriados
Dithmenos
Elyvilon
Fedhas
Gozag
Hepliaklqana
Kikubaaqudgha
Nemelex Xobeh
Okawaru
Qazlal
Ru
Sif Muna
Trog
Vehumet
Wu Jian
Xom
Yredelemnul
Zin
The Shining One

Shops:
D:4 [}(

Annotations:
D:5 3 runed translucent doors, Killmatronix's ghost, novice TeWn
D:6 exclusion: downstairs
D:7 2 exclusions, Harold


Innate Abilities, Weirdness & Mutations

Shadows flee at your approach. (+LOS)
You can swim through water.
You cover ground slowly.
You are somewhat inexperienced. (-2 XL)
You can hop short distances.


Message History

Firing (i - inventory)
g - 15 bolts (quivered)
Press: ? - help, Shift-Dir - straight line, f/p - steam dragon
Aim: a steam dragon (almost dead, catching its breath)
You shoot a bolt. The bolt hits the steam dragon!
You kill the steam dragon!
You are engulfed in a cloud of scalding steam.
Firing (i - inventory)
g - 14 bolts (quivered)
Press: ? - help, Shift-Dir - straight line, f - ice beast
Aim: an ice beast (lightly wounded)
You shoot a bolt. The bolt hits the ice beast.
The ice beast is lightly wounded.
The ice beast barely misses you.
The ice beast hits you but does no damage.
Firing (i - inventory)
g - 13 bolts (quivered)
Press: ? - help, Shift-Dir - straight line, f/p - ice beast
Aim: an ice beast (lightly wounded)
You shoot a bolt. The bolt barely misses the ice beast.
The ice beast hits you.
* * * LOW HITPOINT WARNING * * *
The ice beast freezes you!
You die...

..........#......##.#.....'......
..........#......##†#.....#......
..........#......##.##....#......
..).......#......#...#....#......
##'########......#.#.#....#......
##..##...##.....##.#.##...#...##.
........)##.....#..#..##########.
.........##....##.###.##,,,,,,#..
.............###@.#?#..###,,,,#..
....####+#####.Y.##.##...####,+..
....#######.(((###...###....#####
....#......(####,,.8.,,####......
......#####.§§§###.Y.###....#####
.....#...#####..(##D##...####,,,,
....##...##..###D.#.#..###,,*,,,,
....##'####....##Y#.#.##*,,,*,,,,
................#(§.o.# **+***,**


You could see an ice beast.

Vanquished Creatures
  A steam dragon (D:7)
  A phantom (D:5)
  2 centaurs (D:7)
  2 bullfrogs (D:6)
  A wyvern zombie (D:6)
  3 scorpions
  7 wights (D:6)
  A howler monkey (D:4)
  4 hounds
  An iron imp (D:6)
  2 bullfrog skeletons
  A centaur skeleton (D:5)
  A gnoll shaman (D:5)
  A jelly (D:6)
  3 orc wizards
  An iguana (D:7)
  4 worker ants
  A hound zombie (D:7)
  A hound skeleton (D:4)
  4 gnolls (D:5)
  A worker ant zombie (D:3)
  4 adders
  A worm (D:3)
  2 dart slugs
  3 leopard geckos
  12 orcs
  5 bats
  3 giant cockroaches
  10 goblins
  8 hobgoblins
  15 jackals
  4 quokkas
  A ball python skeleton (D:5)
  7 frilled lizards
  4 kobolds
  A quokka zombie (D:7)
  6 rats
129 creatures vanquished.

Vanquished Creatures (others)
  A wight (D:6)
1 creature vanquished.

Grand Total: 130 creatures vanquished

Notes
Turn   | Place    | Note
-------+----------+-------------------------------------------
     0 | D:1      | Torikoriko the Barachi Wanderer began the quest for the
                  | Orb.
     0 | D:1      | Torikoriko set off with the following items: a +2 hand
                  | crossbow, 24 bolts, 2 scrolls of teleportation, a +0 robe,
                  | a ration
     0 | D:1      | Reached XP level 1. HP: 17/17 MP: 1/1
   413 | D:1      | Reached skill level 5 in Armour
   413 | D:1      | Reached XP level 2. HP: 23/23 MP: 2/2
   650 | D:1      | Reached skill level 3 in Fighting
   782 | D:1      | Reached XP level 3. HP: 29/29 MP: 3/3
  1356 | D:2      | Found a hazy altar of Hepliaklqana.
  1387 | D:2      | Reached XP level 4. HP: 35/35 MP: 4/4
  2278 | D:3      | Reached skill level 4 in Fighting
  2537 | D:4      | Found Deilir's Gadget Emporium.
  2588 | D:4      | Reached XP level 5. HP: 35/43 MP: 5/5
  2916 | D:4      | Reached skill level 5 in Fighting
  2938 | D:4      | Reached XP level 6. HP: 51/51 MP: 6/6
  2942 | D:4      | Found a shimmering altar of Xom.
  2957 | D:4      | Found Xiaseuj's Antique Weapon Shoppe.
  2976 | D:4      | Found a staircase to the Ecumenical Temple.
  2998 | Temple   | Entered the Ecumenical Temple
  3095 | Temple   | Became a worshipper of Ru the Awakened
  3909 | D:4      | Found Gazakecomp's Armour Shop.
  3959 | D:5      | Entered Level 5 of the Dungeon
  4390 | D:5      | Reached skill level 6 in Fighting
  4488 | D:5      | Found a runed translucent gate.
  4488 | D:5      | Found a runed translucent gate.
  4488 | D:5      | Found a runed translucent gate.
  4489 | D:5      | Noticed Killmatronix's ghost (novice TeWn)
  4569 | D:5      | Gained mutation: You are somewhat inexperienced. (-2 XL)
                  | [Ru sacrifice]
  4569 | D:5      | Reached XP level 5. HP: 46/46 MP: 5/5
  4569 | D:5      | Reached XP level 4. HP: 40/40 MP: 4/4
  4569 | D:5      | Reached * piety under Ru
  4569 | D:5      | Reached ** piety under Ru
  4589 | D:5      | Reached XP level 5. HP: 44/46 MP: 5/5
  4772 | D:5      | Reached skill level 1 in Shields
  4940 | D:5      | Reached XP level 6. HP: 44/53 MP: 6/6
  5043 | D:5      | Found a stormy altar of Qazlal.
  5337 | D:5      | Noticed a phantom
  5348 | D:5      | Killed a phantom
  5348 | D:5      | Reached skill level 5 in Crossbows
  5626 | D:6      | Reached XP level 7. HP: 59/59 MP: 7/7
  5646 | D:6      | Reached skill level 7 in Fighting
  6137 | D:6      | Found a snail-covered altar of Cheibriados.
  6557 | D:6      | Reached XP level 8. HP: 68/68 MP: 8/8
  6640 | D:6      | Reached skill level 8 in Fighting
  7007 | D:7      | Noticed Harold
  7353 | D:7      | Reached skill level 5 in Shields
  7565 | D:7      | Slain by an ice beast

Skill      XL: |  1  2  3  4  5  6  7  8 |
---------------+-------------------------+-----
Armour         | 5 |  5.5
Fighting       | 3 4 5 6 7 8 |  8.7
Crossbows      | 2 3 5 6 |  6.9
Shields        | 1 2 4 5 |  5.4
Bows           | |  1.0
Stealth        | |  1.0
Evocations     | |  1.1

Action                   |  1- 3 |  4- 6 |  7- 9 || total
-------------------------+-------+-------+-------++-------
Melee: Unarmed           |    33 |       |       ||    33
       Short sword       |    25 |       |       ||    25
       Dagger            |    59 |   309 |   161 ||   529
 Fire: Hand crossbow     |    16 |    44 |    45 ||   105
Invok: Sacrifice Experie |       |     1 |       ||     1
 Abil: Hop               |       |     2 |     1 ||     3
  Use: Scroll            |       |     8 |     2 ||    10
       Potion            |       |       |     2 ||     2
 Stab: Distracted        |       |       |     1 ||     1
       Sleeping          |       |       |     1 ||     1
  Eat: Chunk             |     2 |    10 |     5 ||    17
       Ration            |       |     1 |     1 ||     2
Armor: Scale mail        |    90 |    92 |       ||   182
       Ring mail         |       |    38 |    63 ||   101
       Quicksilver drago |       |       |    23 ||    23
Dodge: Dodged            |    76 |   169 |    64 ||   309
Block: Shield            |       |       |    57 ||    57
